 Dungeon Crawl Stone Soup version 0.20-a0-433-g9e36e56 (webtiles) character file.

476767 Eptagon the Wrestler (level 23, -20/243 HPs)
             Began as a Troll Monk on Jan 2, 2017.
             Was the Champion of Cheibriados.
             Killed from afar by a shadow dragon (36 damage)
             ... with a bolt of negative energy
             ... on level 5 of the Vaults on Jan 4, 2017.
             The game lasted 02:08:05 (38312 turns).

Eptagon the Wrestler (Troll Monk)                  Turns: 38312, Time: 02:08:05

Health: -20/243    AC: 30    Str: 42    XL:     23   Next: 34%
Magic:  0/41       EV: 14    Int: 35    God:    Cheibriados [******]
Gold:   1569       SH: 18    Dex: 30    Spells: 29/36 levels left

rFire  + . .     SeeInvis .       - Unarmed
rCold  + . .     Gourm    +     D - +5 gold dragon scales
rNeg   . . .     Faith    .     y - +3 shield of Vacs {MR+ Dex+3}
rPois  +         Spirit   +     E - +0 hat {Spirit}
rElec  .         Reflect  .     Y - +1 cloak {MR+}
rCorr  +         Harm     .     (gloves unavailable)
MR     +++..                    (boots unavailable)
Stlth  ..........               p - amulet of regeneration
                                U - ring "Weptough" {+Blink MP+9}
                                d - ring "Ybiy" {rCorr +Fly Str+2 Int+7}

@: very slightly contaminated, drained, very slow
A: unfitting armour, antennae 1, claws 3, clever 1, fast metabolism 3, gourmand,
regeneration 1, shaggy fur 1, tough skin 2, weak 1
}: 3/15 runes: decaying, serpentine, silver
a: Bend Time, Temporal Distortion, Slouch, Step From Time, Renounce Religion,
Evoke Blink, Evoke Flight


You were on level 5 of the Vaults.
You worshipped Cheibriados.
Cheibriados was exalted by your worship.
You were very full.

You visited 8 branches of the dungeon, and saw 40 of its levels.
You visited 1 bazaar.
You also visited: Labyrinth and Ice Cave.

You collected 6401 gold pieces.
You spent 4832 gold pieces at shops.

Inventory:

Missiles
 Q - 56 large rocks (quivered)
Armour
 y - the +3 shield of Vacs (worn) {MR+ Dex+3}
   (You found it on level 6 of the Lair of Beasts)

   It affects your dexterity (+3).
   It affects your resistance to hostile enchantments.
 D - +5 gold dragon scales (worn)
 E - a +0 hat of spirit shield (worn)
 Y - a +1 cloak of magic resistance (worn)
Jewellery
 d - the ring "Ybiy" (left claw) {rCorr +Fly Str+2 Int+7}
   (You bought it in a shop on level 2 of the Elven Halls)

   [ring of resist corrosion]

   It affects your strength (+2).
   It affects your intelligence (+7).
   It lets you fly.
 p - an amulet of regeneration (around neck)
 F - an uncursed ring of see invisible
 U - the ring "Weptough" (right claw) {+Blink MP+9}
   (You bought it in a shop on level 2 of the Orcish Mines)

   [ring of magical power]

   It affects your magic capacity (+9).
   It lets you blink.
Wands
 m - a wand of lightning (10/15)
 z - a wand of lightning (8/15)
 C - a wand of digging (19/24)
 G - a wand of lightning (4/15)
 I - a wand of lightning (6/15)
 K - a wand of iceblast (0/15)
 N - a wand of disintegration (15/24)
 O - a wand of acid (12/15)
 P - a wand of iceblast (7/15)
 W - a wand of clouds (2/9)
 X - a wand of disintegration (9/24)
 Z - a wand of clouds (3/9)
Scrolls
 a - 4 scrolls of identify
 c - 6 scrolls of fog
 e - a scroll of summoning
 h - 15 scrolls of remove curse
 r - 17 scrolls of teleportation
 s - 8 scrolls of recharging
 u - 5 scrolls of fear
 v - 8 scrolls of blinking
 w - 7 scrolls of magic mapping
 V - 2 scrolls of holy word
Potions
 g - 4 potions of might
 i - 3 potions of agility
 j - 2 potions of flight
 k - 2 potions of cure mutation
 q - 6 potions of brilliance
 x - 7 potions of resistance
 B - 25 potions of curing
 L - 7 potions of heal wounds
 R - a potion of invisibility
 S - a potion of magic
Miscellaneous
 H - a phial of floods
 M - a lamp of fire
 T - 6 phantom mirrors
Comestibles
 b - 30 bread rations
 f - 7 slices of pizza
 l - 21 fruits
 n - 9 meat rations
 o - 13 royal jellies
 t - 11 beef jerkies
 A - 2 chunks of flesh


   Skills:
 + Level 17.0(15.9) Fighting
 + Level 15.5(14.5) Armour
 - Level 10.5(9.6) Dodging
 - Level 1.0(0.3) Stealth
 - Level 9.1(8.2) Shields
 + Level 21.5(20.4) Unarmed Combat
 + Level 7.0(6.1) Spellcasting
 - Level 7.1(6.3) Invocations
 - Level 11.1(10.2) Evocations


You had 29 spell levels left.
You knew the following spells:

 Your Spells              Type           Power        Failure   Level  Hunger
l - Lee's Rapid Deconstr  Erth           ##........   100%        5    ####...
m - Repel Missiles        Chrm/Air       ##....       52%         2    None


Dungeon Overview and Level Annotations

Branches:
Dungeon (15/15)            Temple (1/1) D:5            Lair (6/6) D:9
  Swamp (4/4) Lair:2        Snake (4/4) Lair:2        Slime (0/5) Lair:5
    Orc (2/2) D:9             Elf (3/3) Orc:2        Vaults (5/5) D:13
  Crypt (0/3) Vaults:2     Depths (0/5) D:15

Altars:
Ashenzari
Cheibriados
Dithmenos
Elyvilon
Fedhas
Gozag
Hepliaklqana
Kikubaaqudgha
Makhleb
Nemelex Xobeh
Okawaru
Qazlal
Ru
Sif Muna
Trog
Uskayaw
Vehumet
Xom
Yredelemnul
Zin
The Shining One
Beogh

Shops:
D:4 ?   D:11 (   D:12 *   Orc:2 =!?}:   Elf:1 !*   Elf:2 =}}[*   Elf:3 !
Snake:1 [:*??   Vaults:1 ?   Vaults:3 (   Vaults:4 **!(:

Portals:
Hell: Lair:6


Innate Abilities, Weirdness & Mutations

You are too large for most types of armour.
You have claws for hands.
Your metabolism is lightning-fast.
You like to eat raw meat.
Your natural rate of healing is unusually fast.
You are covered in fur. (AC +1)
You have very tough skin. (AC +2)
You have a pair of small antennae on your head.
Your mind is acute. (Int +2)
You are weak. (Str -2)


Message History

The ironheart preserver mumbles some strange words.
The ironheart preserver begins to accept its allies' injuries.
Evoke which item? (* to show all) (? for menu, Esc to quit)
This wand has no charges.
Evoke which item? (* to show all) (? for menu, Esc to quit)
Aiming: Iceblast
Press: ? - help, Shift-Dir - straight line, f - shadow dragon
Aim: a shadow dragon (sheltered from injuries)
The mass of ice explodes!
The iceblast engulfs the shadow dragon.
The shadow dragon partially resists.
The shadow dragon is lightly wounded.
The iceblast engulfs the vault guard.
The vault guard is lightly wounded.
The iceblast engulfs the ironheart preserver.
You kill the ironheart preserver!
Cheibriados appreciates the change of pace.
This wand has 7 charges left.
The shadow dragon breathes negative energy at you.
The bolt of negative energy hits you!
You feel drained.
You die...

......)))...%....
#######(p......##
# ##(p))...... #
##)##D)..#... #
##.###.)..#... #
######.## #....#
.. ###...#D##
#....# .#.....##
#...p# #......#
#...@# ##.....#
#....# ##...#.#
#....# ##.###.#
#....# .## #[.
#...W# .#
..:#....# .#
..#....# #....# #
##


You could see a shadow dragon, 2 vault guards, a vault sentinel and a freezing
wraith.

Vanquished Creatures
  Mara (Snake:3)
  An ancient lich (Vaults:5)
  Mennas (Vaults:4)
  the Lernaean hydra (Swamp:4)
  Saint Roka (Vaults:2)
  The ghost of lupus83 the Executioner, a veteran HOFi of Makhleb (Elf:3)
  2 golden dragons (Vaults:5)
  Nikola (Swamp:4)
  Jorgrun (Swamp:4)
  A lich (Vaults:5)
  4 titans (Vaults:5)
  4 deep elf master archers (Elf:3)
  3 deep elf blademasters
  Gastronok (Lair:1)
  4 sphinxes
  Agnes (Elf:2)
  2 storm dragons (Vaults:5)
  A thorn hunter (Swamp:2)
  3 shadow dragons (Vaults:5)
  Kirke (Elf:1)
  Roxanne (Elf:2)
  12 nagarajas
  4 tengu reavers (Vaults:5)
  Donald (Swamp:2)
  A fire giant (Vaults:5)
  7 deep elf sorcerers
  An orc warlord (Orc:2)
  A frost giant (Vaults:5)
  An iron dragon (Vaults:5)
  12 vault wardens
  Louise (Swamp:2)
  2 deep elf elementalists (Elf:3)
  11 ironheart preservers
  10 very ugly things
  12 stone giants
  2 war gargoyles (Vaults:5)
  Nessos (Lair:4)
  Azrael (Orc:2)
  9 deep elf demonologists
  A dire elephant (Lair:6)
  6 deep elf annihilators
  Snorg (Orc:2)
  An eidolon (Vaults:2)
  7 ettins
  2 crystal guardians (Vaults:4)
  9 deep elf death magi
  2 blizzard demons (IceCv)
  7 deep elf high priests (Elf:3)
  A minotaur (Lab)
  4 great orbs of eyes
  2 fire dragons
  7 yaktaur captains
  13 ogre magi
  Fannar (Lair:2)
  2 ice dragons (Vaults:2)
  20 naga warriors
  27 hydras
  19 anacondas
  A ghost crab (shapeshifter) (Vaults:5)
  2 ghost crabs
  26 vault guards
  3 catoblepae
  7 centaur warriors
  5 death knights
  10 alligators
  24 dancing weapons
  A vampire mage (Vaults:2)
  A deep troll earth mage (D:12)
  33 two-headed ogres
  6 orc high priests
  17 naga sharpshooters
  A death yak (D:14)
  3 shock serpents
  A spriggan (Swamp:1)
  30 deep elf knights
  2 shadow wraiths
  A sun demon (Lair:6)
  6 salamander mystics
  A fire crab (shapeshifter) (Vaults:2)
  A skeletal warrior (Vaults:2)
  3 small abominations
  3 spriggan druids
  2 shambling mangroves
  A glowing orange brain (Vaults:4)
  A flayed ghost (Vaults:2)
  5 naga ritualists
  9 wizards
  20 deep elf archers
  11 swamp dragons
  An unseen horror (D:12)
  14 orc knights
  12 ironbrand convokers
  3 large abominations (Elf:1)
  5 harpies (Vaults:2)
  24 ugly things
  5 wolf spiders
  5 necromancers
  11 mana vipers
  A phantasmal warrior (Vaults:2)
  6 cyclopes
  70 deep elf magi
  8 orc sorcerers
  21 elephants
  6 salamanders
  6 guardian serpents
  A guardian serpent (shapeshifter) (Vaults:2)
  A black mamba (shapeshifter) (Vaults:2)
  32 black mambas
  3 centaur zombies
  2 ice statues (IceCv)
  15 naga magi
  7 centaur skeletons
  5 orange demons (Lair:6)
  24 spiny frogs
  19 vault sentinels
  7 komodo dragons
  A spiny frog (shapeshifter) (Vaults:2)
  24 yaktaurs
  A hellwing (Lair:6)
  9 rime drakes
  2 anaconda simulacra (IceCv)
  A komodo dragon (shapeshifter) (Vaults:4)
  8 freezing wraiths
  4 polar bears
  A golden dragon simulacrum (IceCv)
  11 trolls
  13 ice devils
  A meliai (shapeshifter) (Elf:3)
  Prince Ribbit (D:8)
  A wind drake (shapeshifter) (Vaults:1)
  9 hornets
  3 wolf spider simulacra (D:14)
  5 tyrant leeches
  A raiju (shapeshifter) (Vaults:5)
  23 blink frogs
  7 dream sheep (Lair:6)
  8 bog bodies
  45 slime creatures
  6 hippogriffs
  2 shadows
  5 centaur simulacra
  An air elemental (Elf:2)
  2 water elementals
  4 vampires
  8 fire elementals
  A yak (shapeshifter) (Vaults:5)
  4 wyverns
  8 wraiths
  50 yaks
  5 hogs (Elf:1)
  17 humans (D:13)
  5 basilisks
  A golden eye (shapeshifter) (Vaults:1)
  A hog (shapeshifter) (Elf:3)
  A redback simulacrum (D:15)
  20 vampire mosquitoes
  A swamp worm (shapeshifter) (Vaults:5)
  Edmund (D:6)
  2 hungry ghosts
  77 nagas
  24 swamp worms
  9 wargs
  An iron troll simulacrum (IceCv)
  10 insubstantial wisps
  3 harpy simulacra (IceCv)
  A water moccasin (shapeshifter) (Vaults:5)
  3 acid dragons
  12 water moccasins
  Duvessa (D:6)
  3 hydra simulacra (IceCv)
  2 black bears
  7 hell hounds
  10 porcupines
  20 swamp drakes
  53 orc warriors
  An eye of draining (D:11)
  7 ice beasts
  3 necrophages
  4 sky beasts
  14 wolves
  37 ogres
  9 boggarts
  20 centaurs
  16 crocodiles
  An elf zombie (Elf:1)
  2 big kobolds
  13 bullfrogs
  2 earth elementals
  A gnoll sergeant (D:11)
  A wyvern zombie (D:13)
  Dowan (D:6)
  A wyvern skeleton (D:10)
  5 scorpions
  21 killer bees
  3 wights (D:6)
  3 electric eels
  A troll skeleton (Lab)
  5 howler monkeys
  8 crimson imps
  A quasit (D:8)
  3 bullfrog zombies
  2 hounds
  6 jellies
  49 orc wizards
  38 orc priests
  5 bullfrog skeletons
  2 iguanas
  9 worker ants
  2 hound skeletons
  2 hound zombies
  Robin (D:3)
  9 gnolls
  10 adders
  6 shadow imps
  4 white imps (D:14)
  3 ufetubi (D:14)
  9 oozes
  A worm (D:2)
  3 dart slugs (D:1)
  3 leopard geckos
  136 orcs
  7 giant cockroaches
  10 hobgoblins
  10 jackals
  13 kobolds
  4 quokkas
  2 ball pythons (D:3)
  5 bats
  3 frilled lizards
  13 goblins
  A jackal zombie (D:8)
  A leopard gecko zombie (D:5)
  10 rats
  3 crawling corpses
  A plant (Lair:5)
1934 creatures vanquished.

Vanquished Creatures (collateral kills)
  A spiny frog (Lair:6)
  A blink frog (Lair:6)
  A water moccasin (Lair:6)
  A wolf (Lair:6)
4 creatures vanquished.

Vanquished Creatures (others)
  A deep elf knight (Elf:2)
  An unseen horror (D:12)
  A deep elf mage (Elf:3)
  A polar bear (Lair:5)
  A tyrant leech (Swamp:2)
  A human (Elf:2)
  An orc warrior (Elf:2)
  An ogre (Vaults:4)
  10 fungi
  6 plants
24 creatures vanquished.

Grand Total: 1962 creatures vanquished

Notes
Turn   | Place    | Note
-------+----------+-------------------------------------------
     0 | D:1      | Eptagon the Troll Monk began the quest for the Orb.
     0 | D:1      | Reached XP level 1. HP: 22/22 MP: 0/0
   150 | D:1      | Reached XP level 2. HP: 28/29 MP: 1/1
   374 | D:1      | Reached XP level 3. HP: 36/36 MP: 2/2
  1042 | D:2      | Reached XP level 4. HP: 39/44 MP: 3/3
  1051 | D:2      | Reached skill level 4 in Unarmed Combat
  1388 | D:3      | Noticed Robin
  1450 | D:3      | Killed Robin
  1512 | D:3      | Found a stormy altar of Qazlal.
  1512 | D:3      | Found a shadowy altar of Dithmenos.
  1514 | D:3      | Found an ancient bone altar of Kikubaaqudgha.
  1514 | D:3      | Found a glowing silver altar of Zin.
  1520 | D:3      | Reached XP level 5. HP: 50/53 MP: 4/4
  1537 | D:3      | Found a burning altar of Makhleb.
  1537 | D:3      | Found a shimmering altar of Xom.
  1875 | D:3      | Reached skill level 5 in Unarmed Combat
  2248 | D:4      | Noticed an ogre
  2265 | D:4      | Killed an ogre
  2265 | D:4      | Reached XP level 6. HP: 36/61 MP: 5/5
  2337 | D:4      | Found Iliufaud's Magic Scroll Shoppe.
  2353 | D:4      | Bought a scroll of remove curse for 30 gold pieces
  2353 | D:4      | Bought a scroll of blinking for 75 gold pieces
  2353 | D:4      | Bought a scroll of identify for 20 gold pieces
  2353 | D:4      | Bought a scroll of teleportation for 30 gold pieces
  2353 | D:4      | Bought a scroll of teleportation for 30 gold pieces
  2353 | D:4      | Bought a scroll of teleportation for 30 gold pieces
  2353 | D:4      | Bought a scroll of identify for 20 gold pieces
  2403 | D:4      | Found a sparkling altar of Nemelex Xobeh.
  2644 | D:4      | Reached skill level 6 in Unarmed Combat
  2754 | D:4      | Reached XP level 7. HP: 65/68 MP: 6/6
  2871 | D:5      | Entered Level 5 of the Dungeon
  2934 | D:5      | Got a dazzling long sword
  2935 | D:5      | Identified the cursed +2 long sword "Otyidd" {slice, rC+ MR- Dex+6} (You found it on level 5 of the Dungeon)
  2995 | D:4      | Bought a scroll of remove curse for 30 gold pieces
  3100 | D:5      | Found a staircase to the Ecumenical Temple.
  3180 | Temple   | Entered the Ecumenical Temple
  3241 | Temple   | Became a worshipper of Cheibriados the Contemplative
  3241 | Temple   | Reached * piety under Cheibriados
  3241 | Temple   | Reached ** piety under Cheibriados
  3373 | D:5      | Found a faded altar of an unknown god.
  3373 | D:5      | Found a faded altar of an unknown god.
  3378 | D:5      | Found a hide-covered altar of Uskayaw.
  3381 | D:5      | Found a bloodstained altar of Trog.
  3384 | D:5      | Found a shattered altar of Ashenzari.
  3563 | D:6      | Found a shimmering altar of Xom.
  3572 | D:6      | Noticed Edmund
  3582 | D:6      | Killed Edmund
  3582 | D:6      | Reached skill level 7 in Unarmed Combat
  3622 | D:6      | Reached XP level 8. HP: 79/79 MP: 7/7
  3629 | D:6      | Noticed Duvessa
  3629 | D:6      | Noticed Dowan
  3651 | D:6      | Killed Duvessa
  3661 | D:6      | Killed Dowan
  4018 | D:6      | Reached skill level 5 in Fighting
  4018 | D:6      | Reached skill level 5 in Dodging
  4018 | D:6      | Reached skill level 8 in Unarmed Combat
  4381 | D:7      | Reached *** piety under Cheibriados
  4388 | D:7      | Reached skill level 9 in Unarmed Combat
  4388 | D:7      | Reached XP level 9. HP: 59/88 MP: 8/8
  5286 | D:8      | Reached **** piety under Cheibriados
  5397 | D:8      | Gained mutation: You have a pair of small antennae on your head. [potion of beneficial mutation]
  5402 | D:8      | Noticed Prince Ribbit
  5407 | D:8      | Reached skill level 10 in Unarmed Combat
  5412 | D:8      | Killed Prince Ribbit
  5660 | D:8      | Reached ***** piety under Cheibriados
  5705 | D:8      | Reached XP level 10. HP: 17/100 MP: 9/9
  5829 | D:8      | Found a white marble altar of Elyvilon.
  5912 | D:8      | Reached skill level 11 in Unarmed Combat
  6018 | D:9      | Found an ancient bone altar of Kikubaaqudgha.
  6713 | D:9      | Found a staircase to the Lair.
  6992 | D:9      | Found a staircase to the Orcish Mines.
  7130 | Lair:1   | Entered Level 1 of the Lair of Beasts
  7151 | Lair:1   | Noticed Gastronok
  7172 | Lair:1   | Killed Gastronok
  7172 | Lair:1   | Reached skill level 12 in Unarmed Combat
  7172 | Lair:1   | Reached XP level 11. HP: 29/109 MP: 10/10
  7204 | Lair:1   | Found a labyrinth entrance.
  7229 | Lab      | Entered a labyrinth
  7353 | Lab      | Noticed a minotaur
  7366 | Lab      | Killed a minotaur
  7367 | Lab      | Identified the Almanac of the Entourage
  7565 | Lair:1   | Reached ****** piety under Cheibriados
  7587 | Lair:1   | Reached skill level 13 in Unarmed Combat
  7664 | Lair:1   | Noticed a five-headed hydra
  7673 | Lair:1   | Killed an eight-headed hydra
  8158 | Lair:2   | Found a staircase to the Swamp.
  8314 | Lair:2   | Noticed a six-headed hydra
  8322 | Lair:2   | Killed a ten-headed hydra
  8435 | Lair:2   | Noticed Fannar
  8445 | Lair:2   | Killed Fannar
  8445 | Lair:2   | Reached XP level 12. HP: 122/122 MP: 11/11
  8517 | Lair:2   | Reached skill level 1 in Armour
  8623 | Lair:2   | Reached skill level 1 in Evocations
  8627 | Lair:2   | Reached skill level 14 in Unarmed Combat
  8671 | Lair:2   | Found a staircase to the Snake Pit.
 10027 | Lair:4   | Noticed Nessos
 10054 | Lair:4   | Killed Nessos
 10215 | Lair:4   | Noticed a four-headed hydra
 10220 | Lair:4   | Killed a five-headed hydra
 10303 | Lair:4   | Noticed an eight-headed hydra
 10314 | Lair:4   | Killed a 14-headed hydra
 10792 | Lair:5   | Noticed a catoblepas
 10795 | Lair:5   | Reached XP level 13. HP: 131/131 MP: 14/14
 11110 | Lair:5   | Found a staircase to the Slime Pits.
 11606 | Lair:5   | Reached skill level 5 in Armour
 11617 | Lair:6   | Entered Level 6 of the Lair of Beasts
 11621 | Lair:6   | Reached skill level 10 in Dodging
 11704 | Lair:6   | Reached skill level 15 in Unarmed Combat
 11719 | Lair:6   | Noticed a dire elephant
 11729 | Lair:6   | Killed a dire elephant
 11729 | Lair:6   | Reached skill level 10 in Fighting
 11802 | Lair:6   | Reached skill level 5 in Evocations
 12027 | Lair:6   | Reached XP level 14. HP: 126/143 MP: 16/16
 12408 | Lair:6   | Found a burning altar of Makhleb.
 12532 | Lair:6   | Found a gateway to Hell.
 12655 | Lair:6   | Got a faintly glowing shield
 12661 | Lair:6   | Identified the +3 shield of Vacs {MR+ Dex+3} (You found it on level 6 of the Lair of Beasts)
 12945 | Lair:6   | Reached skill level 1 in Shields
 13149 | Orc:1    | Entered Level 1 of the Orcish Mines
 13430 | Orc:2    | Entered Level 2 of the Orcish Mines
 13470 | Orc:2    | Noticed Azrael
 13480 | Orc:2    | Killed Azrael
 13519 | Orc:2    | Noticed a stone giant
 13529 | Orc:2    | Killed a stone giant
 13926 | Orc:2    | Noticed Snorg
 13938 | Orc:2    | Killed Snorg
 14097 | Orc:2    | Found Owipo's Book Shoppe.
 14143 | Orc:2    | Found a staircase to the Elven Halls.
 14266 | Orc:2    | Found Sihasiwk's Magic Scroll Emporium.
 14266 | Orc:2    | Found Quryez's Gadget Emporium.
 14267 | Orc:2    | Found Etaxu's Distillery.
 14275 | Orc:2    | Found Legil's Jewellery Shoppe.
 14280 | Orc:2    | Bought a potion of invisibility for 96 gold pieces
 14280 | Orc:2    | Bought a potion of magic for 96 gold pieces
 14514 | Orc:2    | Reached XP level 15. HP: 150/152 MP: 19/19
 14571 | Orc:1    | Noticed an orc warlord
 14597 | Orc:2    | Killed an orc warlord
 14859 | Orc:2    | Bought a scroll of fog for 28 gold pieces
 14859 | Orc:2    | Bought a scroll of teleportation for 42 gold pieces
 14859 | Orc:2    | Bought a scroll of blinking for 105 gold pieces
 14859 | Orc:2    | Bought a scroll of teleportation for 42 gold pieces
 14859 | Orc:2    | Bought a scroll of identify for 28 gold pieces
 14861 | Orc:2    | Bought a potion of curing for 36 gold pieces
 14861 | Orc:2    | Bought a potion of brilliance for 48 gold pieces
 14861 | Orc:2    | Bought 2 potions of resistance for 240 gold pieces
 14861 | Orc:2    | Bought a potion of agility for 48 gold pieces
 14861 | Orc:2    | Bought a potion of curing for 36 gold pieces
 14862 | Orc:2    | Bought the ring "Weptough" {+Blink MP+9} for 510 gold pieces
 15000 | D:10     | Entered Level 10 of the Dungeon
 15000 | D:10     | Found a runed door.
 15063 | D:10     | Found a roughly hewn altar of Beogh.
 15989 | D:11     | Found Jabbups's Weapon Emporium.
 16026 | D:11     | Identified a scroll of acquirement
 16174 | D:11     | You fall through a shaft!
 16236 | D:12     | Noticed a sphinx
 16243 | D:12     | Reached skill level 16 in Unarmed Combat
 16261 | D:12     | Killed a sphinx
 16284 | D:12     | Noticed a fire giant
 16285 | D:12     | Noticed a frost giant
 16285 | D:12     | Noticed a fire giant
 16286 | D:12     | Noticed a frost giant
 16425 | D:12     | Learned a level 5 spell: Lee's Rapid Deconstruction
 16488 | D:12     | Found Likeibem's Assorted Antiques.
 16509 | D:12     | Bought a potion of curing for 75 gold pieces
 16509 | D:12     | Bought a potion of resistance for 250 gold pieces
 16509 | D:12     | Bought a potion of curing for 75 gold pieces
 16509 | D:12     | Bought a papyrus book for 375 gold pieces
 16548 | D:12     | Learned a level 2 spell: Repel Missiles
 17623 | D:13     | Reached skill level 5 in Shields
 17674 | D:13     | Found a gate to the Vaults.
 17767 | D:13     | Found a glowing golden altar of the Shining One.
 18263 | D:14     | Reached XP level 16. HP: 163/163 MP: 20/20
 18446 | D:15     | Entered Level 15 of the Dungeon
 18474 | D:15     | Found a flickering gateway to a bazaar.
 18491 | Bazaar   | Entered a bazaar
 18506 | Bazaar   | Found Zosov's Antique Weapon Emporium.
 18521 | Bazaar   | Found Loing's Antique Armour Emporium.
 18521 | Bazaar   | Found Xiowk's Weapon Shoppe.
 18542 | Bazaar   | Found Mephit's Weapon Emporium.
 18542 | Bazaar   | Found Keotzy's Jewellery Shoppe.
 18563 | Bazaar   | Found Muats's Gadget Shoppe.
 18658 | Bazaar   | Bought a pitted arbalest for 171 gold pieces
 18665 | Bazaar   | Identified the +7 arbalest "Docheg" {flame, Str+2 Int+2} (You bought it in a shop in a bazaar)
 19362 | D:15     | Got a crude wooden ring
 19364 | D:15     | Identified the cursed ring of Ciegum {rF+ AC-6} (You found it on level 15 of the Dungeon)
 19455 | D:15     | Found a staircase to the Depths.
 19838 | Swamp:1  | Entered Level 1 of the Swamp
 19839 | Swamp:1  | Upgraded the game from 0.20-a0-432-g25cc1b4 to 0.20-a0-433-g9e36e56
 20578 | Swamp:2  | Noticed a thorn hunter
 20586 | Swamp:2  | Killed a thorn hunter
 20712 | Swamp:2  | Noticed Louise
 20720 | Swamp:2  | Noticed Donald
 20722 | Swamp:2  | Killed Louise
 20742 | Swamp:2  | Killed Donald
 20744 | Swamp:2  | Got a transparent shield
 20756 | Swamp:2  | Identified the +0 shield "Amul" {Slay+2} (You took it off Donald on level 2 of the Swamp)
 21322 | Swamp:3  | Found a frozen archway.
 21351 | IceCv    | Entered an ice cave
 21468 | IceCv    | Reached skill level 17 in Unarmed Combat
 22226 | Swamp:3  | Reached XP level 17. HP: 175/175 MP: 22/22
 22621 | Swamp:4  | Entered Level 4 of the Swamp
 22750 | Swamp:4  | Noticed Nikola
 22769 | Swamp:4  | Killed Nikola
 22860 | Swamp:4  | Noticed Jorgrun
 22875 | Swamp:4  | Killed Jorgrun
 22971 | Swamp:4  | Reached skill level 10 in Armour
 22992 | Swamp:4  | Noticed the 27-headed Lernaean hydra
 23001 | Swamp:4  | Killed the 26-headed Lernaean hydra
 23426 | Swamp:4  | Got a decaying rune of Zot
 23841 | Snake:1  | Entered Level 1 of the Snake Pit
 23841 | Snake:1  | Found Teohin's Book Shop.
 23982 | Snake:1  | Found Tarix's Antique Armour Shoppe.
 24247 | Snake:1  | Found Mem Nuve's Magic Scroll Shop.
 24249 | Snake:1  | Found Ostue's Magic Scroll Shop.
 24255 | Snake:1  | Bought a scroll of teleportation for 36 gold pieces
 24255 | Snake:1  | Bought a scroll of enchant armour for 90 gold pieces
 24318 | Snake:1  | Bought a scroll of blinking for 90 gold pieces
 24318 | Snake:1  | Bought a scroll of teleportation for 36 gold pieces
 24318 | Snake:1  | Bought a scroll of enchant armour for 90 gold pieces
 24323 | Snake:1  | Found Telecvudaz's Assorted Antiques.
 24329 | Snake:1  | Bought a potion of heal wounds for 145 gold pieces
 25108 | Snake:2  | Reached XP level 18. HP: 183/185 MP: 24/24
 25264 | Snake:2  | Reached skill level 10 in Evocations
 25599 | Snake:3  | Noticed Mara
 26057 | Snake:3  | Noticed Eptagon's illusion
 26107 | Snake:3  | Noticed Eptagon's illusion
 26267 | Snake:3  | Noticed Eptagon's illusion
 26308 | Snake:3  | Noticed Eptagon's illusion
 26311 | Snake:3  | Killed Mara
 26311 | Snake:3  | Reached skill level 18 in Unarmed Combat
 26641 | Snake:4  | Entered Level 4 of the Snake Pit
 27331 | Snake:4  | Reached XP level 19. HP: 133/196 MP: 26/26
 27531 | Snake:4  | Got a serpentine rune of Zot
 28255 | Elf:1    | Entered Level 1 of the Elven Halls
 28553 | Elf:1    | Reached skill level 1 in Invocations
 28637 | Elf:1    | Identified the Almanac of Black Arts
 28680 | Elf:1    | Found Sasatozi's Assorted Antiques.
 28686 | Elf:1    | Bought a tourmaline ring for 145 gold pieces
 28686 | Elf:1    | Bought a scroll of identify for 58 gold pieces
 28715 | Elf:1    | Noticed Kirke
 28720 | Elf:1    | Killed Kirke
 29022 | Elf:1    | Found Horuorej's Distillery.
 29025 | Elf:1    | Bought a potion of beneficial mutation for 560 gold pieces
 29025 | Elf:1    | Bought a potion of curing for 48 gold pieces
 29025 | Elf:1    | Bought a potion of heal wounds for 80 gold pieces
 29025 | Elf:1    | Gained mutation: Your mind is acute. (Int +2) [potion of beneficial mutation]
 29349 | Elf:2    | Noticed Roxanne
 29385 | Elf:2    | Found Hucy's Antique Armour Emporium.
 29398 | Elf:2    | Killed Roxanne
 29560 | Elf:2    | Found a runed gate.
 29560 | Elf:2    | Found a runed gate.
 29561 | Elf:2    | Found a runed gate.
 29613 | Elf:2    | Found Oskanlae's Jewellery Boutique.
 29613 | Elf:2    | Found Meab's Gadget Shoppe.
 29624 | Elf:2    | Found Elinor's Gadget Shoppe.
 29709 | Elf:2    | Found Misewer's Assorted Antiques.
 29860 | Elf:2    | Reached skill level 19 in Unarmed Combat
 29975 | Elf:2    | Gained mutation: You are weak. (Str -2) [a neqoxec]
 30264 | Elf:2    | Noticed Agnes
 30291 | Elf:2    | Killed Agnes
 30390 | Elf:3    | Entered Level 3 of the Elven Halls
 30429 | Elf:3    | Reached skill level 5 in Invocations
 30429 | Elf:3    | Reached XP level 20. HP: 208/208 MP: 27/27
 30640 | Elf:3    | Found a deep blue altar of Sif Muna.
 30683 | Elf:3    | Noticed lupus83's ghost (veteran HOFi)
 30704 | Elf:3    | Killed lupus83's ghost
 30988 | Elf:3    | Found Nocaiv's Distillery.
 31794 | Elf:3    | Reached skill level 15 in Fighting
 31953 | Elf:3    | Identified the Compendium of the Forsaken Dances
 31984 | Elf:3    | Identified the Volume of Freezing Envenoming
 32190 | Elf:2    | Bought the ring "Ybiy" {rCorr +Fly Str+2 Int+7} for 864 gold pieces
 32541 | Vaults:1 | Entered Level 1 of the Vaults
 32649 | Vaults:1 | Found Geury's Magic Scroll Shop.
 32655 | Vaults:1 | Bought a scroll of identify for 24 gold pieces
 32739 | Vaults:1 | Reached skill level 1 in Spellcasting
 33350 | Vaults:1 | Reached XP level 21. HP: 218/218 MP: 28/28
 33523 | Vaults:1 | Reached skill level 20 in Unarmed Combat
 34216 | Vaults:2 | Found a staircase to the Crypt.
 34422 | Vaults:2 | Noticed Saint Roka
 34458 | Vaults:2 | Killed Saint Roka
 35298 | Vaults:3 | Found Hibar's Weapon Shoppe.
 35737 | Vaults:3 | You fall through a shaft!
 35870 | Vaults:4 | Found Amasuaqogra's Book Boutique.
 35896 | Vaults:4 | Found Beduiwu's General Store.
 35904 | Vaults:4 | Found Hace Exuo's Distillery.
 36160 | Vaults:4 | Reached XP level 22. HP: 231/231 MP: 29/29
 36165 | Vaults:4 | Noticed Mennas
 36577 | Vaults:4 | Reached skill level 5 in Spellcasting
 36769 | Vaults:4 | Found Bekurr's Antique Weapon Shoppe.
 36809 | Vaults:4 | Found Exaopp's General Store.
 37283 | Vaults:4 | Found Hace Exuo's Distillery.
 37454 | Vaults:4 | Killed Mennas
 37534 | Vaults:5 | Entered Level 5 of the Vaults
 37566 | Vaults:5 | Noticed a golden dragon
 37571 | Vaults:5 | Killed a golden dragon
 37571 | Vaults:5 | Reached skill level 21 in Unarmed Combat
 37600 | Vaults:5 | Noticed an ancient lich
 37636 | Vaults:5 | Noticed a golden dragon
 37646 | Vaults:5 | Killed a golden dragon
 37672 | Vaults:5 | Reached skill level 15 in Armour
 37726 | Vaults:5 | HP: 7/234 [stone giant/large rock (38)]
 37989 | Vaults:5 | Noticed an ancient lich
 37998 | Vaults:5 | Killed an ancient lich
 37998 | Vaults:5 | Reached XP level 23. HP: 119/241 MP: 23/31
 38258 | Vaults:5 | Got a silver rune of Zot
 38260 | Vaults:5 | Identified the Tome of the Rocks
 38307 | Vaults:5 | HP: 10/243 [sphinx/divine providence (14)]
 38312 | Vaults:5 | Killed from afar by a shadow dragon

Vault maps used:
D:1:      evilmike_arrival_hilbert_curve, minivault_19
D:3:      grunt_temple_overflow_open, saegor_snake_ambush, uniq_robin
D:4:      nemelex_xobeh_ov_fountains_minmay, first_bread, serial_shops,
          nicolae_shop_stone
D:5:      chequers_temple_overflow_minitemple
D:6:      basic_altar, hangedman_decor_peaks_small, uniq_edmund, uniq_duvessa
D:8:      elyvilon_altar_4, hangedman_little_slice_of_home, uniq_prince_ribbit1
D:9:      lair_entry_dummy, david_orc_4, minmay_tree_intersection,
          lemuel_centaur_altar
D:10:     chequers_big_river, lightli_church_of_beogh
D:11:     serial_shops, shop, grunt_ministairs_15
D:12:     minmay_expanding_circles, serial_shops,
          nicolae_shop_overgrown_old_shop
D:13:     grunt_vaults_entry_tiered, nicolae_tso_swordbearing_angel
D:14:     serial_ice, serial_ice_i, serial_ice_e, serial_ice_g, serial_ice_n,
          serial_ice_h, serial_ice_b, serial_ice_m
D:15:     grunt_enter_depths_magical_seal, serial_bayou_pond_c, serial_shops,
          bzr_entry_water
Temple:   cyrus_temple_forest
Lair:1:   lab_entry_generic, serial_bayou_ford_a, st_stairs_4,
          beast_lair_carwin_2, uniq_gastronok
Lair:2:   minmay_swamp_entry_worms, guppyfry_snake_entry_garden,
          lemuel_fruit_tree, uniq_fannar
Lair:3:   grunt_megastairs_4
Lair:4:   special_room, uniq_nessos
Lair:5:   nicolae_slime_entry_slimehenge
Lair:6:   evil_forest
Swamp:1:  infiniplex_staircase_pool, swamp_pool4
Swamp:2:  evilmike_swamp_ruin_house_4, uniq_donald, uniq_louise
Swamp:3:  portal_ice_cave_entry_frozen_things, evilmike_swamp_ruin_rubble_1,
          swamp_pool5
Swamp:4:  swamp_old_school, swamp_pool4, uniq_nikola, uniq_jorgrun
Snake:1:  serial_shops, nicolae_shop_trees, nicolae_shop_overgrown_old_shop,
          shop, shop, shop, grunt_megastairs_1
Snake:2:  st_stairs_10, spider_trap
Snake:3:  uniq_mara
Snake:4:  johnstein_snake_rune_scales, grunt_megastairs_2, serial_bayou_shore_b
Orc:2:    st_orc_mages, serial_shops, shop, uniq_snorg, uniq_azrael
Elf:1:    serial_shops, shop, nicolae_shop_behind_doors, minmay_elf_necromancy,
          uniq_kirke
Elf:2:    serial_shops, nicolae_shop_temple_entry_statues_fountains,
          nicolae_shop_trees, minmay_shop_grove, uniq_roxanne, uniq_agnes
Elf:3:    minmay_elf_hall_not_hex, basic_altar, serial_shops, shop,
          lemuel_flame_loot_1
Vaults:1: v_misc_9, v_alt_pattern_6, v_rooms_6, vaults_room_fours, v_misc_1,
          nicolae_vaults_diagonal_hallway_7, dpeg_vaults_monster_box,
          nicolae_vaults_asterisk, vaults_room_fancy_cross, v_misc_16,
          ontoclasm_vaults_fault, ontoclasm_vaults_ring_square, serial_shops,
          shop_scrolls
Vaults:2: v_alt_pattern_6, nicolae_vaults_little_squares_4, v_misc_5, v_misc_15,
          v_misc_23, nicolae_vaults_network_square,
          minmay_crypt_entry_simple_statues, vaults_room_boxed,
          hangedman_vaults_impose, nicolae_vaults_lopsided_apartments,
          vaults_standard_mumra_x, v_misc_19, uniq_saint_roka
Vaults:3: nicolae_vaults_big_ls, nicolae_vaults_little_squares_6, v_pattern_4,
          nicolae_vaults_ring_of_whatevers, grunt_vaults_trifunnel,
          nicolae_vaults_network_quinsquares, nicolae_vaults_hallways_thing,
          v_misc_8, v_misc_31, v_misc_14, nicolae_vaults_little_squares_6,
          st_star, grunt_vaults_funnel, nicolae_vaults_little_squares_5,
          serial_shops, shop
Vaults:4: hangedman_vaults_slither, vaults_dpeg_ring, v_misc_24,
          vaults_room_ringed_pool, vaults_mumra_hexcomb,
          nicolae_vaults_diagonal_hallway_8, ontoclasm_vaults_ring_small,
          nicolae_vaults_asterisk, nicolae_vaults_ring_of_whatevers,
          vaults_room_door_ring, vaults_dpeg_encased_lava,
          nicolae_vaults_little_squares_1, serial_shops,
          nicolae_shop_temple_entry_statues_fountains,
          nicolae_shop_window_shopping, shop, shop, nicolae_shop_crystal,
          uniq_mennas
Lab:      labyrinth_watery, lab_statue, nicolae_lab_stuck, nicolae_lab_diamond,
          nicolae_lab_grate_2, nicolae_lab_plus, labyrinth_skeletal_remains,
          nicolae_lab_checkerboard, labyrinth_fake_exit, nicolae_lab_hexagon,
          nicolae_lab_t_cross, nicolae_lab_arrow, lab_block,
          labyrinth_lava_lair, labyrinth_glass_1
Bazaar:   bazaar_long_row
IceCv:    ice_cave_tombish

Skill      XL: |  1  2  3  4  5  6  7  8  9 10 11 12 13 14 15 16 17 18 19 20 21 22 23 |
---------------+----------------------------------------------------------------------+-----
Dodging        | 3 4 5 6 7 8 9 10 | 10.5
Unarmed Combat | 4 5 6 7 9 10 12 13 14 15 16 17 18 19 20 21 | 21.5
Fighting       | 3 4 5 6 7 8 9 10 11 12 13 14 15 16 17 | 17.0
Armour         | 4 5 7 8 9 10 11 12 13 14 15 | 15.5
Evocations     | 3 5 6 7 9 10 11 | 11.1
Shields        | 3 5 7 8 9 |  9.1
Invocations    | 5 7 |  7.1
Spellcasting   | 1 4 6 7 |  7.0
Stealth        | |  1.0

Action                   |  1- 3 |  4- 6 |  7- 9 | 10-12 | 13-15 | 16-18 | 19-21 | 22-24 || total
-------------------------+-------+-------+-------+-------+-------+-------+-------+-------++-------
Melee: Unarmed           |    92 |   173 |   299 |   440 |  1385 |  1533 |  1758 |   619 ||  6299
       Punch             |       |     1 |     8 |    34 |    29 |       |       |       ||    72
Throw: Large rock        |       |       |       |       |       |    16 |       |     1 ||    17
 Cast: Repel Missiles    |       |       |       |       |       |       |     7 |     5 ||    12
Invok: Slouch            |       |       |       |       |       |     2 |     5 |     3 ||    10
 Abil: Evoke Blink       |       |       |       |       |     1 |     2 |       |       ||     3
       Evoke Flight      |       |       |       |       |       |     1 |       |       ||     1
Evoke: Wand              |       |       |       |    10 |     6 |     9 |       |     6 ||    31
       Phial of floods   |       |       |       |       |     1 |       |       |       ||     1
       Lamp of fire      |       |       |       |       |       |     3 |     1 |       ||     4
  Use: Scroll            |       |    13 |     8 |     9 |    11 |    14 |    13 |     5 ||    73
       Potion            |       |     3 |     1 |     1 |       |     3 |     2 |     7 ||    17
 Stab: Sleeping          |     2 |     1 |     1 |     1 |       |       |       |       ||     5
       Distracted        |     1 |       |       |     1 |       |       |     1 |       ||     3
       Petrified         |       |       |       |       |     1 |       |       |       ||     1
       Confused          |       |       |       |       |       |     1 |       |       ||     1
  Eat: Chunk             |    15 |    16 |    19 |    36 |    57 |    67 |    62 |    14 ||   286
Armor: Robe              |    28 |    35 |   100 |    26 |       |       |       |       ||   189
       Gold dragon scale |       |       |       |   191 |   744 |   701 |   579 |   266 ||  2481
Dodge: Dodged            |    50 |    92 |   239 |   304 |   631 |   613 |   471 |   248 ||  2648
       Deflected         |       |       |       |       |       |       |    14 |    13 ||    27
Block: Shield            |       |       |       |       |   834 |  1241 |  1224 |   496 ||  3795
